 BcadrenCrawl: Boulder Brew version 0.03.3.1-34-gd247f1d118 (webtiles) character file.

Game seed: 16572305541212758713, levelgen mode: deterministic

49623 Chiseanne the Spry (level 14, -19/108 HPs) Goblin Demonspawn. Began on Mar 20, 2021. Was an Initiate of Gozag Ym Sagoz. Killed from afar by a hellion (30 damage) ... with a hellfire blast ... on level 2 of the Abyss. The game lasted 00:46:07 (11451 turns).

Chiseanne the Spry (Goblin Demonspawn)             Turns: 11451, Time: 00:46:07

Health: -19/108    AC: 30    Str:  6    XL:     14 ^: 1854
Magic:  14/14      EV: 16    Int:  6    God:    Gozag Ym Sagoz
Gold:   1960       SH: 13    Dex:  6    Spells: 14/15 levels left

rFire    + . .     Vision   .   h - +6 targe of Youthful Indiscretion {protect, rPois rF+, (Curse: *Drain)} (curse)
rCold    . . .     Gourm    .   g - +0 targe (protect)
rNeg     + . .     Faith    .   H - +1 scale mail of Astego Byah {rPois rN+ Str-2, (Curse: *Drain)} (curse)
rPois    +         Spirit   .   (no helmet)
rElec    +         Reflect  .   v - +2 cloak of the Distant Future {rElec rCorr}
rCorr    +         Harm     .   t - +2 pair of gloves {rElec+}
MR       .....                  f - +1 pair of boots
Stlth    ..........             n - amulet of chaos
HPRegen  0.46/turn              e - ring of evasion
MPRegen  0.24/turn              j - ring of slaying

@: about to teleport, studying Charms
A: small, stagnant stats, goblin's greed, hooves 2, yellow scales 3, low mp 1,
mutation resistance 1, powered by pain 1, spiny 2, god's pity 2
a: Potion Petition, Call Merchant, Bribe Branch, Renounce Religion


You were on level 2 of the Abyss.
You worshipped Gozag Ym Sagoz.
Gozag Ym Sagoz was most pleased with you.
You were not hungry.

You visited 4 branches of the dungeon, and saw 12 of its levels.
You visited the Abyss 1 time.

You collected 5522 gold pieces.
You spent 2799 gold pieces at shops.
You paid 1878 gold pieces to Gozag.

Inventory:

Weapons
 w - a +0 hunting sling Shields
 g - a +0 targe of protection (weapon)
 h - the cursed +6 targe of Youthful Indiscretion (weapon) {protect, rPois rF+, (Curse: *Drain)}
   (You bought it in a shop on level 4 of the Dungeon)

   Base shield rating: 7 Skill to remove penalty: 24.5 It protects you from
   fire.
   It protects you from poison.
   It has a curse placed upon it.
   { (Curse: *Drain)}
Armour
 f - a +1 pair of boots (worn)
 t - a +2 pair of gloves of insulation (worn)
 v - the +2 cloak of the Distant Future (worn) {rElec rCorr}
   (You bought it in a shop on level 4 of the Dungeon)

   It insulates you from electricity.
   It provides partial protection from all sources of acid and corrosion.
 H - the cursed +1 scale mail of Astego Byah (worn) {rPois rN+ Str-2, (Curse: *Drain)}
   (You bought it in a shop on level 5 of the Dungeon)

   It affects your strength (-2).
   It protects you from poison.
   It protects you from negative energy.
   It has a curse placed upon it.
   { (Curse: *Drain)}
Jewellery
 b - an uncursed ring of ice
 e - a ring of evasion (left hand)
 j - a ring of slaying (right hand)
 n - an amulet of chaos (around neck)
Wands
 a - a wand of disintegration
 p - a wand of acid (4)
 r - a wand of iceblast
 y - a wand of enslavement (1)
 z - a wand of flame (23)
 F - a wand of clouds
Scrolls
 c - 2 scrolls of teleportation
 i - 2 scrolls of magic mapping
 k - a scroll of holy word
 l - a scroll of fear
 A - 2 scrolls of silence
 B - 3 scrolls of fog
 G - a scroll of immolation
Potions
 q - 4 potions of curing
 I - a potion of heal wounds
 M - a potion of berserk rage
Miscellaneous
 L - a fan of gales
Comestibles
 d - 13 rations


   Skills:
 * Level 14.6 Fighting
   Level 2.6 Short Blades
 * Level 14.4 Armour
 * Level 15.0 Dodging
 - Level 2.6 Stealth
 * Level 14.0 Shields
 - Level 1.3 Spellcasting
 - Level 2.6 Fire Magic
   Level 4.0 Invocations


You had 14 spell levels left.
You knew the following spells:

 Your Spells              Type           Power        Failure   Level  Hunger
a - Lick                  Fire           3 (30)       95%         1    ##.....

Your spell library contained the following spells:

 Spells                   Type           Power        Failure   Level  Hunger
 Blink                    Tloc           N/A          100%        2    ###....
 Call Imp                 Summ           0 (100)      100%        2    ###....
 Slow                     Hex            0 (100)      100%        2    ###....
 Chaotic Cloudburst       Pois/Air       0 (100)      100%        3    ####...
 Random Cloud             Fire           3 (100)      100%        3    ####...


Dungeon Overview and Level Annotations

Branches:
Dungeon (8/8)              Temple (1/1) D:4            Lair (1/6) D:5
    Orc (2/2) D:6          Vaults (0/5) D:7          Depths (0/5) D:8
    Elf: Orc:2

Altars:
Cheibriados
Dithmenos
Elyvilon
Fedhas Madash
Gozag Ym Sagoz
Hepliaklqana
Kikubaaqudgha
Makhleb
Nemelex Xobeh
Okawaru
Qazlal
Ru
Sif Muna
Trog
Uskayaw
Vehumet
Wu Jian
Xom
Yredelemnul
The Shining One
Beogh

Shops:
D:4 [   D:5 *   D:7 [

Annotations:
D:3 2 transporters, sking99's ghost, amateur GoFi
D:5 1 runed translucent door, Chiseanne's ghost, novice GoDs
Orc:2 Erolcha


Innate Abilities, Weirdness & Mutations

Your stats never grow through leveling.
Your goblin ancestry allows you to find more gold. (+20%)
You are small and have problems with some larger weapons.
You have hoof-like feet.
You are completely covered in yellow scales. (AC +4, rCorr)
Your magical capacity is low. (-10% MP)
You are somewhat resistant to further mutation.
You sometimes gain a little power by taking damage.
You are mostly covered in sharp spines.
The pity of the gods increases the power of your passive and invoked divine abilities.


Message History

The hellion gestures at you.
The pillar hellfire denotates!
The hellfire blast engulfs you (15)! The hellion gestures at you.
The pillar hellfire denotates!
The hellfire blast engulfs you (26)!!
As you read the scroll of teleportation, it crumbles to dust.
You feel strangely unstable.
You feel the power of the Abyss delaying your translocation!
Found a scroll of fear.
You see here a scroll of fear.
l - a scroll of fear The hellion gestures at you.
The pillar hellfire denotates!
The hellfire blast engulfs you (37)!!!
* * * LOW HITPOINT WARNING * * *
You hear a bellow!
A quasit comes into view.
The hellion blinks!
The hellion gestures at you.
The pillar hellfire denotates!
The hellfire blast engulfs you (30)!!
You die...
Your body crumbles into a pile of gold.

#. ...# #. .
##.#.### #. #.# .
##...... ... #..#
#....#.##..#
#...###...#.#....#
#.#.##ยง#.##......#
#....#..#......# #
##2#.#.#.2....# #..
#..##..#@#.#...
#..2#..#.##..#
#.##....5##.#.###
#.####.#.#..... . #
#.##..##.# # ##...
##### . ## #.#.#..
...# # #....# #. ##
. ... # ...#..###


You could see a hellion.

Vanquished Creatures
  Josephine (D:8)
  A death knight (D:7)
  An ogre mage (D:8)
  An ettin (Orc:2)
  A yaktaur captain (D:8)
  An orc high priest (D:7)
  5 unseen horrors
  A skeletal warrior (D:8)
  2 vault guards (D:7)
  6 hydras
  A deep elf archer (D:8)
  10 orc knights
  5 centaur warriors
  Pikel (D:5)
  4 manticores
  2 deep elf magi
  2 orc sorcerers (Orc:2)
  A gargoyle (D:6)
  2 ugly things
  3 spiny frogs (Lair:1)
  A black mamba (Lair:1)
  A kobold demonologist (D:7)
  3 wolf spiders
  A freezing wraith (D:7)
  3 trolls
  2 tengu conjurers
  An efreet (D:7)
  A komodo dragon (Lair:1)
  A hornet (D:6)
  An ancient zyme (Abyss:2)
  6 wraiths
  2 vampires
  5 hippogriffs
  6 cyclopes
  2 wyverns (D:6)
  30 yaks
  An acid dragon (D:6)
  9 humans (D:7)
  A vampire mosquito (D:7)
  A warg (Orc:2)
  A redback (Lair:1)
  A soldier ant (D:6)
  A phantom (D:5)
  2 water moccasins (Lair:1)
  A necrophage (D:6)
  25 orc warriors
  4 scorpions
  2 floating eyes (D:5)
  5 porcupines
  2 black bears
  5 ice beasts
  5 sky beasts
  An eye of draining (Abyss:2)
  A redback zombie (D:7)
  11 ogres
  A crocodile (Lair:1)
  6 big kobolds
  10 bullfrogs
  2 gnoll sergeants (D:6)
  3 meliai zombies
  6 centaurs
  4 howler monkeys (D:5)
  A harpy skeleton (D:7)
  8 killer bees
  10 wights
  12 hounds
  3 jellies
  4 orc priests
  14 orc wizards
  6 iguanas
  2 water moccasin zombies (D:5)
  A wyvern zombie (D:6)
  5 worker ants
  3 wyvern skeletons
  7 giant cockroaches
  4 bullfrog zombies
  9 adders
  11 gnolls
  A white imp (D:4)
  7 cinder newts
  3 worms
  A hound skeleton (D:5)
  A howler monkey skeleton (D:5)
  5 leopard geckos
  46 orcs
  2 adder skeletons
  2 ball pythons
  3 bats
  6 jackals
  A kobold (D:1)
  3 quokkas
  A bat skeleton (D:2)
  A kobold skeleton (D:2)
  A leopard gecko skeleton (D:3)
  A quokka skeleton (D:3)
  2 rats (D:1)
  A butterfly (D:6)
  A slave (D:5)
  2 withered plants (D:2)
419 creatures vanquished.

Vanquished Creatures (others)
  A fire giant (D:8)
  A human (D:7)
  An orc warrior (Orc:2)
  2 orc priests (Orc:2)
  A sewer rat (D:2)
  A worker ant zombie (D:5)
  A leopard gecko (D:2)
  2 bats (D:2)
  A butterfly (D:8)
  A fungus (Lair:1)
  2 plants
  2 slaves (D:5)
  14 withered plants (D:2)
30 creatures vanquished.

Grand Total: 449 creatures vanquished

Notes
Turn   | Place    | Note
-------+----------+-------------------------------------------
     0 | D:1      | Chiseanne the Goblin Demonspawn began the quest for the
                  | Orb.
     0 | D:1      | Reached XP level 1. HP: 13/13 MP: 2/2
    45 | D:1      | Gained mutation: You are partially covered in yellow
                  | scales. (AC +2) [demonic ancestry]
    45 | D:1      | Reached XP level 2. HP: 19/19 MP: 3/3
   155 | D:1      | Gained mutation: You are partially covered in sharp spines.
                  | [demonic ancestry]
   155 | D:1      | Reached XP level 3. HP: 11/25 MP: 4/4
   159 | D:1      | Reached skill level 1 in Armour
   867 | D:2      | Gained mutation: You have large cloven feet. [demonic
                  | ancestry]
   867 | D:2      | Reached XP level 4. HP: 30/30 MP: 5/5
   893 | D:3      | Found an ornate altar of the Wu Jian Council.
   905 | D:3      | Noticed an ogre
   913 | D:3      | Reached skill level 5 in Dodging
   916 | D:3      | Killed an ogre
   916 | D:3      | Gained mutation: You are mostly covered in yellow scales.
                  | (AC +3) [demonic ancestry]
   916 | D:3      | Reached XP level 5. HP: 17/37 MP: 6/6
  1037 | D:3      | Gained mutation: You sometimes gain a little power by
                  | taking damage. [demonic ancestry]
  1037 | D:3      | Reached XP level 6. HP: 40/43 MP: 7/7
  1242 | D:2      | Reached skill level 6 in Dodging
  1242 | D:2      | Reached skill level 1 in Shields
  1242 | D:2      | Reached XP level 7. HP: 30/49 MP: 8/8
  1456 | D:3      | Found a stormy altar of Qazlal.
  1459 | D:3      | Found a basalt altar of Yredelemnul.
  1523 | D:3      | Found a transporter.
  1525 | D:3      | Found a transporter.
  1526 | D:3      | Noticed sking99's ghost (amateur GoFi)
  1564 | D:4      | Reached skill level 5 in Fighting
  1565 | D:4      | Found a staircase to the Ecumenical Temple.
  1576 | Temple   | Entered the Ecumenical Temple
  1691 | Temple   | Became a worshipper of Gozag Ym Sagoz the Greedy
  1873 | D:4      | Reached XP level 8. HP: 56/56 MP: 8/8
  1915 | D:4      | Reached skill level 5 in Armour
  1987 | D:3      | Reached skill level 7 in Dodging
  2137 | D:3      | Found an ancient bone altar of Kikubaaqudgha.
  2518 | D:4      | Found a sparkling altar of Nemelex Xobeh.
  2599 | D:4      | Reached XP level 9. HP: 62/63 MP: 9/9
  2605 | D:4      | Reached skill level 5 in Shields
  2665 | D:5      | Entered Level 5 of the Dungeon
  2666 | D:5      | Found a staircase to the Lair.
  2670 | D:5      | Reached skill level 8 in Dodging
  2884 | D:4      | HP: 2/66 [orc warrior/+0 scimitar (18)]
  3151 | D:5      | Reached skill level 9 in Dodging
  3192 | D:4      | Gained mutation: You have hoof-like feet. [demonic
                  | ancestry]
  3192 | D:4      | Reached XP level 10. HP: 66/72 MP: 10/10
  3200 | D:4      | Bought a faintly glowing targe {protect} for 427 gold
                  | pieces
  3200 | D:4      | Identified the cursed +6 targe of Youthful Indiscretion
                  | {protect, rPois rF+, (Curse: *Drain)} (You bought it in a
                  | shop on level 4 of the Dungeon)
  3201 | D:4      | the cursed +6 targe of Youthful Indiscretion {protect,
                  | rPois rF+, (Curse: *Drain)} protects you from harm!
  3267 | D:5      | Found a runed translucent door.
  3313 | D:5      | Noticed Chiseanne's ghost (novice GoDs)
  3791 | D:5      | Reached skill level 10 in Dodging
  3836 | D:5      | Noticed Pikel
  3843 | D:5      | Killed Pikel
  3922 | D:5      | Gained mutation: You are mostly covered in sharp spines.
                  | [demonic ancestry]
  3922 | D:5      | Reached XP level 11. HP: 81/81 MP: 11/11
  4207 | D:5      | Reached skill level 10 in Fighting
  4288 | D:4      | Bought a steaming cloak for 427 gold pieces
  4288 | D:4      | Identified the +2 cloak of the Distant Future {rElec rCorr}
                  | (You bought it in a shop on level 4 of the Dungeon)
  4301 | D:4      | Bought a runed buckler for 337 gold pieces
  4546 | D:6      | Reached skill level 10 in Armour
  4617 | D:6      | Reached skill level 11 in Dodging
  4726 | D:6      | Killed an unseen horror
  4738 | D:6      | Noticed a four-headed hydra
  4799 | D:6      | Killed a four-headed hydra
  4799 | D:6      | Reached skill level 10 in Shields
  4991 | D:6      | Killed an unseen horror
  4991 | D:6      | Reached XP level 12. HP: 80/90 MP: 12/12
  5288 | D:6      | Found a staircase to the Orcish Mines.
  5335 | D:6      | Reached skill level 12 in Dodging
  5606 | D:4      | Bought a crude ring mail for 405 gold pieces
  5606 | D:4      | Identified the +1 ring mail "Naonor" {Dex+3} (You bought it
                  | in a shop on level 4 of the Dungeon)
  5610 | D:4      | Bought a shiny chain mail for 337 gold pieces
  5760 | D:7      | Identified the cursed amulet "Ijaothrots" {Harm *Drain -Vis
                  | MR+++ Int-2 Dex+2, (Curse: Fragile Stlth-)}
  6154 | Lair:1   | Entered Level 1 of the Lair of Beasts
  6270 | Lair:1   | Reached XP level 13. HP: 89/98 MP: 13/13
  6516 | Lair:1   | Reached skill level 13 in Dodging
  7065 | Lair:1   | Noticed a mummy priest
  7065 | Lair:1   | Noticed a mummy priest
  7210 | D:5      | Bought the cursed +1 scale mail of Astego Byah {rPois rN+
                  | Str-2, (Curse: *Drain)} for 275 gold pieces
  7210 | D:5      | Bought a potion of heal wounds for 80 gold pieces
  7837 | D:7      | Found a roughly hewn altar of Beogh.
  8382 | D:7      | Bought a slimy scale mail for 279 gold pieces
  8382 | D:7      | Identified the cursed +1 scale mail "Odon" {Str+4, (Curse:
                  | rC-)} (You bought it in a shop on level 7 of the Dungeon)
  8385 | D:7      | Bought a pair of embroidered gloves for 232 gold pieces
  8553 | D:7      | Gained mutation: You are completely covered in yellow
                  | scales. (AC +4, rCorr) [demonic ancestry]
  8553 | D:7      | Reached XP level 14. HP: 103/106 MP: 14/14
  8642 | D:7      | Reached skill level 14 in Dodging
  8992 | D:7      | Identified the cursed ring of Tomorrow {rPois Str+5 Int+3,
                  | (Curse: Fragile)}
  9096 | D:7      | Found a gate to the Vaults.
  9159 | D:8      | Entered Level 8 of the Dungeon
  9159 | D:8      | Noticed Josephine
  9266 | D:8      | Identified the cursed ring of Mevo {MP+9 Str+2 Dex-4
                  | Slay+2, (Curse: Fragile MR-)}
  9273 | D:8      | Killed Josephine
  9277 | D:8      | Noticed a fire giant
  9842 | D:8      | Found a staircase to the Depths.
 10073 | D:8      | Killed a fire giant
 10288 | D:8      | Found a radiant altar of Vehumet.
 10494 | Orc:1    | Entered Level 1 of the Orcish Mines
 10769 | Orc:2    | Entered Level 2 of the Orcish Mines
 11099 | Orc:2    | Noticed Erolcha
 11298 | Orc:2    | Cast into level 2 of the Abyss (Erolcha)
 11313 | Abyss:2  | Found a corrupted altar of Lugonu.
 11392 | Abyss:2  | Reached skill level 15 in Dodging
 11451 | Abyss:2  | Killed from afar by a hellion

Levels and vault maps discovered:
D:1:      roderic_dead_forest, layout_basic
D:2:      layout_sewer, elyvilon_niche, first_ration, serial_shops,
          nicolae_shop_overgrown_old_shop, cheibriados_altar_1, uniq_purgy
D:3:      layout_rooms, bcadren_lemuel_inverted_doored_altar,
          nicolae_overflow_crystal_walls,
          chequers_temple_overflow_statue_of_worship, gammafunk_ghost_hive
D:4:      layout_long_grid, nemelex_xobeh_ov_fountains_minmay,
          minmay_temple_entry_overgrown
D:5:      layout_cave_pods, lair_entry_dummy, ebering_ghost_reflecting_pool,
          blue_anna_alchemist [blue_anna_fruit_fields, blue_anna_fruit_fields],
          onia_ninara_cookie, uniq_pikel
D:6:      layout_basic, kennysheep_orc_monster_closet_entryway
D:7:      layout_basic, ximxim_vaults_locker_room, kennysheep_another_room,
          special_room [special_room_orc]
D:8:      grunt_enter_depths_snipers, layout_rooms,
          lemuel_coloured_pillars_altar, uniq_josephine
Temple:   eino_temple_scatter_basement
Lair:1:   layout_chaotic_city, chequers_ossuary_entry_cave
Orc:1:    layout_caves, led_sif_book
Orc:2:    grunt_orc_tribal_feast, layout_diamond_mine, serial_shops,
          nicolae_shop_statue_plus, uniq_erolcha
Abyss:2:  base: Orc:2, hangedman_abyss_sting

Skill      XL: |  1  2  3  4  5  6  7  8  9 10 11 12 13 14 |
---------------+-------------------------------------------+-----
Fighting       | 2 3 4 5 6 8 9 11 12 13 14 | 14.6
Armour         | 1 2 3 4 6 7 9 10 12 13 14 | 14.4
Dodging        | 5 6 7 9 10 11 12 13 15 | 15.0
Shields        | 1 3 4 6 8 10 11 12 14 | 14.0
Short Blades   | |  2.6
Stealth        | |  2.6
Spellcasting   | |  1.3
Fire Magic     | |  2.6
Invocations    | |  4.0

Action                   |  1- 3 |  4- 6 |  7- 9 | 10-12 | 13-15 || total
-------------------------+-------+-------+-------+-------+-------++-------
Melee: Rapier            |    29 |    35 |    38 |       |       ||   102
       Unarmed           |     7 |       |       |       |       ||     7
       Whip              |    15 |       |       |       |       ||    15
       Mace              |     1 |    20 |       |       |       ||    21
       Kick              |       |     2 |    13 |     1 |       ||    16
       Targe             |       |     9 |   197 |   557 |   649 ||  1412
Invok: Call Merchant     |       |       |       |     1 |     2 ||     3
       Potion Petition   |       |       |       |     1 |       ||     1
Evoke: Wand              |       |       |    11 |       |    14 ||    25
  Use: Scroll            |     1 |       |     5 |     1 |     6 ||    13
       Potion            |       |       |     1 |     2 |       ||     3
 Stab: Distracted        |       |       |       |     4 |     3 ||     7
  Eat: Chunk             |       |     1 |     2 |       |       ||     3
       Ration            |       |       |     2 |     4 |     4 ||    10
Armor: Ring mail         |    22 |    12 |    17 |       |       ||    51
       Chain mail        |       |       |    39 |    39 |    46 ||   124
       Plate armour      |       |       |    36 |   132 |       ||   168
       Scale mail        |       |       |       |       |   142 ||   142
Dodge: Dodged            |    57 |    54 |    84 |    73 |   101 ||   369
Block: Targe             |       |     1 |    64 |   160 |   166 ||   391
